 Dungeon Crawl Stone Soup version 0.19.0 (webtiles) character file.

44206 Firecrotchwizard the Bludgeoner (level 13, -7/126 HPs)
             Began as a Minotaur Fighter on Nov 2, 2016.
             Was a High Priest of the Shining One.
             Mangled by an orc warrior
             ... wielding a +0 halberd
              (8 damage)
             ... on level 2 of the Orcish Mines.
             The game lasted 01:05:14 (19846 turns).

Firecrotchwizard the Bludgeoner (Minotaur Fighter) Turns: 19846, Time: 01:05:14

Health: -7/126     AC: 24    Str: 25    XL:     13   Next: 95%
Magic:  0/12       EV:  7    Int:  5    God:    the Shining One [*****.]
Gold:   1780       SH: 20    Dex: 16    Spells: 0 memorised, 12 levels left

rFire  + . .     SeeInvis .     B - +2 flail (crush)
rCold  x . .     Gourm    .     y - +4 plate armour {MR+}
rNeg   + + .     Faith    .     e - +0 large shield
rPois  +         Spirit   +     (helmet restricted)
rElec  .         Reflect  .     (no cloak)
rCorr  .         Harm     .     H - +0 pair of gloves
MR     +....                    i - +2 pair of boots
Stlth  ..........               v - amulet of guardian spirit
                                p - ring of fire
                                w - ring of poison resistance

@: mighty, glowing
A: retaliatory headbutt, horns 2
a: Divine Shield, Cleansing Flame, Summon Divine Warrior, Renounce Religion


You were on level 2 of the Orcish Mines.
You worshipped the Shining One.
The Shining One was extremely pleased with you.
You were not hungry.

You visited 4 branches of the dungeon, and saw 19 of its levels.
You also visited: Labyrinth.

You collected 1780 gold pieces.

Inventory:

Hand Weapons
 j - a +2 hunting sling of flaming
 B - a +2 flail of crushing (weapon)
Missiles
 n - 513 stones (quivered)
Armour
 e - a +0 large shield (worn)
 i - a +2 pair of boots (worn)
 y - a +4 plate armour of magic resistance (worn)
 H - a +0 pair of gloves (worn)
Jewellery
 p - a ring of fire (right hand)
 s - an uncursed ring of protection from magic
 u - an uncursed ring of positive energy
 v - an amulet of guardian spirit (around neck)
 w - a ring of poison resistance (left hand)
 N - an uncursed amulet of faith
 T - an uncursed ring of magical power
 Y - a +3 ring of evasion {unknown}
Wands
 b - a wand of acid (5/15)
 x - a wand of polymorph (19/24)
 D - a wand of teleportation (5/9)
 G - a wand of confusion (28/48)
 K - a wand of iceblast (7/15)
 V - a wand of flame (31/48)
 Z - a wand of disintegration (8/24)
Scrolls
 h - 4 scrolls of identify
 k - 2 scrolls of enchant weapon {unknown}
 o - 2 scrolls of recharging {unknown}
 r - 2 scrolls of immolation {unknown}
 t - 13 scrolls of teleportation
 F - 6 scrolls of remove curse
 J - a scroll of brand weapon {unknown}
 M - 3 scrolls of magic mapping {unknown}
 O - 3 scrolls of fog {unknown}
 U - a scroll of vulnerability {unknown}
Potions
 c - a potion of mutation {unknown}
 d - 3 potions of might
 g - 2 potions of lignification {unknown}
 l - 2 potions of berserk rage {unknown}
 m - 3 potions of agility {unknown}
 q - 2 potions of haste {unknown}
 A - 3 potions of brilliance {unknown}
 C - a potion of degeneration {unknown}
 E - a potion of magic {unknown}
 L - 2 potions of flight
 R - 2 potions of cancellation {unknown}
 W - 2 potions of resistance {unknown}
 X - 3 potions of heal wounds {unknown}
Books
 P - a book of Geomancy

   Spells                             Type                      Level
   a - Sandblast                      Earth                        1
   b - Passwall                       Transmutation/Earth          2
   c - Stone Arrow                    Conjuration/Earth            3
   d - Petrify                        Transmutation/Earth          4
   e - Lee's Rapid Deconstruction     Earth                        5
Miscellaneous
 a - a phial of floods
 z - a lamp of fire
 Q - a fan of gales
Comestibles
 f - 9 bread rations
 S - 8 slices of pizza


   Skills:
 * Level 15.1 Fighting
 + Level 15.6 Maces & Flails
 + Level 0.4 Slings
 + Level 11.9 Armour
 + Level 3.2 Dodging
 - Level 0.3 Stealth
 + Level 14.3 Shields


You had 12 spell levels left.
You didn't know any spells.

Dungeon Overview and Level Annotations

Branches:
Dungeon (10/15)            Temple (1/1) D:4            Lair (6/6) D:9
 Shoals (0/4) Lair:4        Snake (0/4) Lair:4        Slime (0/5) Lair:5
    Orc (2/2) D:10            Elf (0/3) Orc:2

Altars:
Ashenzari
Cheibriados
Dithmenos
Elyvilon
Fedhas
Gozag
Hepliaklqana
Kikubaaqudgha
Makhleb
Nemelex Xobeh
Qazlal
Ru
Sif Muna
Trog
Uskayaw
Vehumet
Xom
Yredelemnul
Zin
The Shining One
Beogh
Jiyva

Shops:
D:10 [

Annotations:
Lair:4 exclusion: 2 oklob plants


Innate Abilities, Weirdness & Mutations

You reflexively headbutt those who attack you in melee.
You have a pair of horns on your head.


Message History

The orc warrior hits you but does no damage.
The orc warrior hits you from afar with a glaive!
* * * LOW HITPOINT WARNING * * *
You block the orc warrior's attack.
The orc warrior hits you with a hand axe!
The Shining One protects you from harm!
You hit the orc warrior.
The orc warrior is severely wounded.
You block the orc warrior's attack.
The orc knight hits you but does no damage.
You sock the orc warrior!
You kill the orc warrior!
The orc warrior no longer looks unusually strong. x2
The orc no longer looks unusually strong.
The orc unwields an uncursed arbalest.
The orc wields an uncursed mace.
You block the orc's attack.
The orc warrior hits you but does no damage.
You block the orc warrior's attack.
The orc warrior hits you from afar with a halberd!
You die...

..............#.......
.......................≈
..............#......≈≈≈
..............#.....≈≈≈≈
..............))........
............))))........
.............(#oo...≈≈≈≈
..........(.()#)ooo..≈≈≈
...........(.ooo@o.....≈
..........#...#.........
..............##........
..........(....##..##..#
...........##........ ..
...)))....####........ .
..((....### #########
..(..#.### .........##


You could see an orc knight, 6 orc warriors and 2 orcs.

Vanquished Creatures
  A stone giant (Orc:1)
  A minotaur (Lab)
  The ghost of jordan the Grappler, a journeyman DrTm of Cheibriados (Lair:1)
  Fannar (Lair:1)
  3 hydras
  Erica (Lair:1)
  The ghost of mo0cat the Cleaver, a novice HOFi of Okawaru (D:9)
  A death yak (Lair:6)
  Nergalle (Lair:1)
  2 orc knights (Orc:2)
  A hill giant (D:10)
  2 orc sorcerers
  9 elephants
  A centaur zombie (D:10)
  A siren (Lair:4)
  4 gargoyles (Lab)
  4 black mambas
  A torpor snail (Lair:6)
  Joseph (D:7)
  8 spiny frogs
  3 rime drakes
  8 komodo dragons
  The ghost of Temi the Ruffian, an amateur TrMo (D:3)
  2 trolls
  A two-headed ogre (Orc:1)
  A merfolk (Lair:4)
  3 polar bears
  A hornet (D:10)
  21 blink frogs
  5 hippogriffs
  5 redbacks (Lab)
  Sigmund (D:2)
  A spriggan (D:10)
  Eustachio (D:4)
  19 yaks
  2 wyverns
  7 basilisks
  9 hungry ghosts
  3 nagas (Lair:4)
  Edmund (D:4)
  A warg (Orc:2)
  5 water moccasins
  Duvessa (D:4)
  6 porcupines
  An ice beast (D:9)
  18 orc warriors
  4 black bears
  11 ogres
  3 wolves (Lair:2)
  4 centaurs
  14 crocodiles
  10 bullfrogs
  Dowan (D:4)
  8 killer bees
  4 scorpions
  A spriggan skeleton (Lab)
  5 wights (D:7)
  An electric eel (Lair:3)
  A howler monkey (D:7)
  4 lava snakes (Lab)
  3 crimson imps
  A quasit (D:9)
  5 hounds
  2 jellies
  4 centaur skeletons
  7 orc priests
  4 iguanas
  2 bullfrog skeletons
  Natasha (thrice) (D:4)
  11 orc wizards
  4 worker ants
  A hound zombie (D:6)
  A hound skeleton (D:5)
  A worker ant zombie (D:8)
  7 gnolls
  10 adders
  2 shadow imps
  A white imp (D:7)
  3 oozes
  A worm (D:2)
  3 dart slugs
  6 leopard geckos
  34 orcs
  5 bats
  4 giant cockroaches
  2 goblins
  11 hobgoblins
  20 jackals
  15 kobolds
  3 quokkas
  A ball python (D:1)
  A ball python skeleton (D:4)
  6 frilled lizards
  A goblin skeleton (D:7)
  2 goblin zombies (D:7)
  6 hobgoblin zombies (D:7)
  A jackal skeleton (D:6)
  A jackal zombie (D:5)
  A kobold skeleton (D:7)
  3 kobold zombies (D:7)
  A leopard gecko zombie (D:7)
  2 orc skeletons (D:7)
  A quokka skeleton (D:9)
  8 rats
  2 fungi (D:9)
  A plant (D:9)
457 creatures vanquished.

Vanquished Creatures (others)
  5 fungi (Lair:6)
  3 plants (Lair:6)
8 creatures vanquished.

Grand Total: 465 creatures vanquished

Notes
Turn   | Place    | Note
-------+----------+-------------------------------------------
     0 | D:1      | Firecrotchwizard the Minotaur Fighter began the quest for the Orb.
     0 | D:1      | Reached XP level 1. HP: 19/19 MP: 0/0
   166 | D:1      | Reached XP level 2. HP: 27/27 MP: 1/1
   289 | D:1      | Reached XP level 3. HP: 31/33 MP: 2/2
  1076 | D:2      | Reached XP level 4. HP: 37/40 MP: 3/3
  1121 | D:2      | Noticed Sigmund
  1133 | D:2      | Killed Sigmund
  1133 | D:2      | Reached skill level 5 in Maces & Flails
  1133 | D:2      | Reached skill level 1 in Dodging
  1133 | D:2      | Reached XP level 5. HP: 29/47 MP: 4/4
  1561 | D:2      | Reached XP level 6. HP: 53/53 MP: 5/5
  2054 | D:3      | Noticed Temi's ghost (amateur TrMo)
  2070 | D:3      | Killed Temi's ghost
  2070 | D:3      | Reached skill level 5 in Shields
  2070 | D:3      | Reached XP level 7. HP: 45/60 MP: 4/6
  2612 | D:4      | Noticed Natasha
  2629 | D:4      | Killed Natasha
  2771 | D:4      | Noticed Edmund
  2792 | D:4      | Killed Edmund
  2792 | D:4      | Reached skill level 5 in Fighting
  2792 | D:4      | Reached skill level 5 in Armour
  2794 | D:4      | Noticed Duvessa
  2798 | D:4      | Noticed Eustachio
  2798 | D:4      | Noticed Dowan
  2865 | D:4      | Noticed Natasha
  2873 | D:4      | Killed Natasha
  3090 | D:4      | Noticed Natasha
  3094 | D:4      | Killed Natasha
  3335 | D:4      | Killed Duvessa
  3338 | D:4      | Killed Dowan
  3338 | D:4      | Reached XP level 8. HP: 63/69 MP: 7/7
  3445 | D:4      | Found a staircase to the Ecumenical Temple.
  3654 | D:4      | Killed Eustachio
  3958 | Temple   | Entered the Ecumenical Temple
  4199 | D:5      | Entered Level 5 of the Dungeon
  4681 | D:5      | Reached skill level 10 in Maces & Flails
  5458 | D:7      | Reached XP level 9. HP: 72/78 MP: 8/8
  5475 | D:7      | Noticed Joseph
  5492 | D:7      | Killed Joseph
  5857 | D:7      | Found a glowing golden altar of the Shining One.
  5888 | D:7      | Became a worshipper of the Shining One
  6067 | D:8      | Found a glowing golden altar of the Shining One.
  6657 | D:9      | Found an ancient bone altar of Kikubaaqudgha.
  6683 | D:9      | Reached * piety under the Shining One
  6692 | D:9      | Reached XP level 10. HP: 88/88 MP: 9/9
  6723 | D:9      | Found a staircase to the Lair.
  7194 | D:9      | Noticed mo0cat's ghost (novice HOFi)
  7197 | D:9      | Paralysed by mo0cat's ghost for 3 turns
  7213 | D:9      | Killed mo0cat's ghost
  7749 | Lair:1   | Entered Level 1 of the Lair of Beasts
  7918 | Lair:1   | Noticed jordan's ghost (journeyman DrTm)
  7942 | Lair:1   | Killed jordan's ghost
  7948 | Lair:1   | Noticed Nergalle
  8274 | Lair:1   | Noticed a spectral orc warlord
  8285 | Lair:1   | Killed Nergalle
  8300 | Lair:1   | Noticed a black mamba
  8307 | Lair:1   | Killed a black mamba
  8324 | Lair:1   | Noticed a spiny frog
  8333 | Lair:1   | Killed a spiny frog
  8396 | Lair:1   | Reached XP level 11. HP: 85/97 MP: 7/10
  8435 | Lair:1   | Reached ** piety under the Shining One
  8507 | Lair:1   | HP: 3/97 [yak (2)]
  8523 | Lair:1   | HP: 1/99 [yak (6)]
  8608 | Lair:1   | Noticed Fannar
  9156 | Lair:1   | Reached skill level 10 in Shields
  9311 | Lair:1   | Noticed Erica
  9319 | Lair:1   | Killed Erica
  9319 | Lair:1   | Reached skill level 10 in Fighting
 10668 | Lair:2   | Noticed a seven-headed hydra
 10678 | Lair:2   | Killed a seven-headed hydra
 11052 | Lair:3   | Reached XP level 12. HP: 92/110 MP: 9/11
 11387 | Lair:3   | Reached skill level 10 in Armour
 12626 | Lair:4   | Found a staircase to the Shoals.
 12645 | Lair:4   | Reached *** piety under the Shining One
 12819 | Lair:4   | Found a staircase to the Snake Pit.
 13784 | Lair:5   | Found a labyrinth entrance.
 13793 | Lab      | Entered a labyrinth
 14226 | Lab      | Reached skill level 15 in Maces & Flails
 15164 | Lab      | Reached XP level 13. HP: 122/122 MP: 12/12
 15274 | Lab      | Found an exit through the horrors of the Abyss.
 15613 | Lab      | Noticed a minotaur
 15786 | Lab      | Killed a minotaur
 15819 | Lab      | Got a faintly humming chain mail
 15830 | Lab      | Identified the cursed +0 chain mail "Riycw" {rC+} (You found it in a labyrinth)
 16125 | Lair:5   | Found a viscous altar of Jiyva.
 16126 | Lair:5   | Found a staircase to the Slime Pits.
 16550 | Lair:6   | Entered Level 6 of the Lair of Beasts
 16836 | Lair:6   | Reached **** piety under the Shining One
 18137 | Lair:1   | Killed Fannar
 18194 | D:10     | Entered Level 10 of the Dungeon
 18274 | D:10     | Found a staircase to the Orcish Mines.
 18280 | D:10     | Found a roughly hewn altar of Beogh.
 18633 | D:10     | Found Foar's Armour Boutique.
 18721 | Orc:1    | Entered Level 1 of the Orcish Mines
 18726 | Orc:1    | Noticed a stone giant
 18754 | Orc:1    | Killed a stone giant
 19371 | Orc:2    | Entered Level 2 of the Orcish Mines
 19383 | Orc:2    | Found a staircase to the Elven Halls.
 19401 | Orc:2    | Reached skill level 15 in Fighting
 19792 | Orc:2    | Reached ***** piety under the Shining One
 19843 | Orc:2    | The Shining One protects you from harm!
 19844 | Orc:2    | HP: 1/126 [orc warrior/glaive (8)]
 19844 | Orc:2    | The Shining One protects you from harm!
 19846 | Orc:2    | Mangled by an orc warrior

Skill      XL: |  1  2  3  4  5  6  7  8  9 10 11 12 13 |
---------------+----------------------------------------+-----
Armour         | 4 5 6 8 9 10 11 | 11.9
Fighting       | 4 5 6 7 9 11 13 15 | 15.1
Shields        | 4 5 6 8 9 11 12 14 | 14.3
Maces & Flails | 3 5 7 8 10 12 13 14 15 | 15.6
Dodging        | 1 2 3 |  3.2
Slings         | |  0.4
Stealth        | |  0.3

Action                   |  1- 3 |  4- 6 |  7- 9 | 10-12 | 13-15 || total
-------------------------+-------+-------+-------+-------+-------++-------
Melee: Flail             |    98 |    94 |   410 |   696 |   463 ||  1761
       Headbutt          |    14 |    20 |    74 |   170 |    98 ||   376
 Fire: Hunting sling     |       |       |     5 |     3 |       ||     8
  Use: Scroll            |       |     4 |     2 |     6 |     7 ||    19
       Potion            |       |       |       |     9 |     6 ||    15
  Eat: Chunk             |       |     3 |     8 |     9 |     3 ||    23
       Royal jelly       |       |       |     2 |       |       ||     2
       Meat ration       |       |       |     1 |     3 |     1 ||     5
       Beef jerky        |       |       |       |     2 |     1 ||     3
       Pizza             |       |       |       |       |     3 ||     3
       Bread ration      |       |       |       |       |     1 ||     1
Armor: Scale mail        |    66 |    29 |    38 |       |       ||   133
       Plate armour      |       |       |   105 |   236 |   168 ||   509
Dodge: Dodged            |    37 |    15 |    39 |    86 |    57 ||   234
Block: Shield            |    58 |    47 |    15 |       |       ||   120
       Large shield      |       |       |   308 |   523 |   434 ||  1265
